 Dungeon Crawl Stone Soup version 0.32-a0-411-g744942f433 (webtiles) character file.

Game seed: 566876148094381206

1644 ezpacito the Chopper (level 8, -2/91 HPs)
             Began as a Demonspawn Chaos Knight on Feb 20, 2024.
             Was a Plaything of Xom.
             Incinerated by a bombardier beetle (3 damage)
             ... with a burning spray
             ... on level 5 of the Dungeon.
             The game lasted 00:09:58 (4102 turns).

ezpacito the Chopper (Demonspawn Chaos Knight)      Turns: 4102, Time: 00:09:58

Health: -2/91      AC: 24    Str: 15    XL:     8   Next: 67%
Magic:  9/12       EV:  2    Int: 12    God:    Xom [....*.]
Gold:   412        SH:  6    Dex: 19    Spells: 8/12 levels left

rFire   . . .        a - +0 hand axe (chaos)
rCold   . . .        d - +1 buckler
rNeg    . . .        b - melded +2 leather armour
rPois   +            (helmet currently unavailable)
rElec   .            (cloak currently unavailable)
rCorr   .            x - melded +0 pair of gloves
SInv    .            r - melded +0 pair of boots
Will    .....        (no amulet)
Stlth   +            q - +6 ring of dexterity
HPRegen 0.35/turn    (no ring)
MPRegen 0.13/turn

%: no passive effects
@: on fire, tree-form, glowing
A: stationary, stasis, torment immunity, boosted hp, (horns 1), ignite blood 1,
(sharp scales 1)
a: Renounce Religion


You were on level 5 of the Dungeon.
You worshipped Xom.
You were a beloved toy of Xom.
You were a tree.
You visited 1 branch of the dungeon, and saw 5 of its levels.

You collected 412 gold pieces.

Inventory:

Hand Weapons
 a - a +0 hand axe of chaos (weapon)
 n - a +0 war axe
Missiles
 m - 9 poisoned darts (quivered)
 s - 19 stones
Armour
 b - a +2 leather armour (melded)
 d - a +1 buckler (worn)
 f - a +0 scale mail
 l - a +0 plate armour
 r - a +0 pair of boots (melded)
 t - a +0 chain mail
 x - a +0 pair of gloves (melded)
Magical Staves
 v - a staff of alchemy
Jewellery
 q - a +6 ring of dexterity (left branch)
Wands
 g - a wand of charming (13)
 w - a wand of flame (6)
Scrolls
 e - a scroll of noise
 i - a scroll of fear
 k - 4 scrolls of teleportation
 p - a scroll of enchant armour
Potions
 h - 2 potions of lignification
 o - 2 potions of attraction
 u - 3 potions of magic


   Skills:
 * Level 4.8 Fighting
 * Level 6.3 Axes
 * Level 3.1 Armour
 + Level 2.0 Dodging
 + Level 2.1 Stealth
 * Level 2.5 Shields
 * Level 2.5 Unarmed Combat
 * Level 2.8 Spellcasting
 * Level 2.5 Conjurations
 + Level 0.7 Translocations
 * Level 2.2 Evocations


You had 8 spell levels left.
You knew the following spells:

 Your Spells              Type           Power      Damage    Failure   Level
a - Magic Dart            Conj           28%        1d4       12%         1
b - Searing Ray           Conj           14%        2d5       17%         2
c - Apportation           Tloc           6%         N/A       24%         1

Your spell library contained the following spells:

 Spells                   Type           Power      Damage    Failure   Level
 Static Discharge         Conj/Air       8%         3-4/arc   28%         2
 Freeze                   Ice            4%         1d3       32%         1
 Scorch                   Fire           2%         2d5       45%         2
 Hailstorm                Conj/Ice       4%         3d5       50%         3
 Gell's Gravitas          Tloc           3%         N/A       58%         3
 Frozen Ramparts          Ice            2%         1d1       69%         3
 Flame Wave               Conj/Fire      4%         2d5       88%         4
 Fulminant Prism          Conj/Alch      2%         3d5       88%         4
 Airstrike                Air            0%         2d(1-17)  97%         4
 Summon Lightning Spire   Summ/Air       1%         N/A       97%         4
 Metabolic Englaciation   Hex/Ice        0%         N/A       100%        5
 Summon Cactus Giant      Summ           0%         N/A       100%        6
 Ozocubu's Refrigeration  Ice            0%         4d7       100%        7


Dungeon Overview and Level Annotations

Branches:
Dungeon (5/15)
 Temple: D:4-7

Altars:
Qazlal


Innate Abilities, Weirdness & Mutations

You are a tree.
Your roots penetrate the ground, keeping you stationary.
You cannot be teleported.
You are immune to unholy pain and torment.
Your maximum health is greatly increased.
Your equipment is partially melded.
((You have a pair of small horns on your head.))
Your demonic aura sometimes causes spilled blood to erupt in flames.
((You are partially covered in razor-sharp scales. (AC +1, Slay +1)))


Message History

You are covered in liquid fire!
You hit the bombardier beetle but do no damage.
The bombardier beetle suddenly seems more resistant.
The bombardier beetle is almost dead.
The liquid fire burns you!
You hit the bombardier beetle.
You feel better.
You kill the bombardier beetle!
The liquid fire burns you!
You are on fire!
You are on fire!
You are on fire!
Okay, then.
The liquid fire burns you!
* * * LOW HITPOINT WARNING * * *
The liquid fire burns you!
* * * LOW HITPOINT WARNING * * *
The liquid fire burns you!
* * * LOW HITPOINT WARNING * * *
The liquid fire burns you!
* * * LOW HITPOINT WARNING * * *
The liquid fire burns you!
* * * LOW HITPOINT WARNING * * *
The liquid fire burns you!
* * * LOW HITPOINT WARNING * * *
Okay, then.
As you read the scroll labelled ZOOR GUUROI, it crumbles to dust.
It is a scroll of enchant armour.
Your +0 buckler glows green for a moment.
The liquid fire burns you!
* * * LOW HITPOINT WARNING * * *
The liquid fire burns you!
* * * LOW HITPOINT WARNING * * *
The liquid fire burns you!
* * * LOW HITPOINT WARNING * * *
The liquid fire burns you!
* * * LOW HITPOINT WARNING * * *
The liquid fire burns you!
* * * LOW HITPOINT WARNING * * *
The liquid fire burns you!
You die...

#...##...#
#####..>....#
#...##...# #.....###
#†.#..#..#########.###
##......###......#.#
##....## #......#.##
####b####.)##..#..##
+...b.†'$.##..##..#
########$$....###.#
......)♣.....# #.#
......######## #.##
.....5 #..# .#..# ##.#
..## #.# . #.# #.# #.#
##.#


There were no monsters in sight!

Vanquished Creatures
  Eustachio (D:4)
  2 ice beasts (D:5)
  A black bear (D:5)
  An ogre (D:5)
  A sky beast (D:5)
  A centaur (D:5)
  2 phantoms
  A scorpion (D:5)
  A bombardier beetle (D:5)
  4 hounds
  A sleepcap (D:5)
  Natasha (thrice) (D:4)
  2 iguanas (D:5)
  8 adders
  A shadow imp (D:5)
  A white imp (D:5)
  An ufetubus (D:5)
  2 dart slugs
  A ribbon worm (D:3)
  10 orcs
  4 bats
  8 endoplasms
  3 giant cockroaches
  6 hobgoblins
  8 jackals
  4 kobolds
  6 quokkas
  7 ball pythons
  A frilled lizard (D:2)
  5 goblins
  29 rats
126 creatures vanquished.

Vanquished Creatures (collateral kills)
  An iguana (D:5)
  An orc wizard (D:5)
  A hobgoblin (D:4)
3 creatures vanquished.

Vanquished Creatures (others)
  Grinder (D:4)
  A hound (D:5)
2 creatures vanquished.

Grand Total: 131 creatures vanquished

Notes
Turn   | Place    | Note
-------+----------+-------------------------------------------
     0 | D:1      | ezpacito the Demonspawn Chaos Knight began the quest for
                  | the Orb.
     0 | D:1      | Reached XP level 1. HP: 18/18 MP: 1/1
   159 | D:1      | Reached skill level 3 in Axes
   163 | D:1      | Gained mutation: You are partially covered in razor-sharp
                  | scales. (AC +1, Slay +1) [demonic ancestry]
   163 | D:1      | Reached XP level 2. HP: 20/24 MP: 2/2
   415 | D:1      | Reached XP level 3. HP: 29/29 MP: 3/3
   416 | D:1      | Reached skill level 1 in Dodging
   426 | D:1      | XOM: divination: detect creatures
   799 | D:1      | XOM: silly message
   890 | D:1      | XOM: divination: detect creatures
  1025 | D:2      | Learned a level 1 spell: Magic Dart
  1028 | D:2      | Learned a level 2 spell: Searing Ray
  1067 | D:2      | Reached skill level 1 in Spellcasting
  1067 | D:2      | Gained mutation: You have a pair of small horns on your
                  | head. [demonic ancestry]
  1067 | D:2      | Reached XP level 4. HP: 35/35 MP: 5/5
  1089 | D:2      | Found a stormy altar of Qazlal.
  1356 | D:2      | Got the Handbook of the Discontinuous Iceberg
  1359 | D:2      | Learned a level 1 spell: Apportation
  1363 | D:2      | XOM: silly message
  1521 | D:2      | Reached skill level 4 in Axes
  1668 | D:3      | Reached XP level 5. HP: 40/41 MP: 6/6
  2209 | D:3      | Found a faded altar of an unknown god.
  2237 | D:3      | XOM: divination: detect creatures
  2311 | D:3      | XOM: silly message
  2529 | D:4      | Noticed Grinder
  2531 | D:4      | XOM: cast spell 'Summon Small Mammal'
  2547 | D:4      | XOM: smoke on damage
  2548 | D:4      | Killed Grinder
  2548 | D:4      | XOM: divine lightning
  2549 | D:4      | Reached skill level 1 in Shields
  2549 | D:4      | Reached skill level 1 in Unarmed Combat
  2549 | D:4      | Reached skill level 1 in Conjurations
  2549 | D:4      | Gained mutation: Your demonic aura sometimes causes spilled
                  | blood to erupt in flames. [demonic ancestry]
  2549 | D:4      | Reached XP level 6. HP: 19/48 MP: 8/8
  2640 | D:4      | XOM: god gift: 7 stones
  2641 | D:4      | XOM: noise
  2646 | D:4      | Noticed Ijyb
  2654 | D:4      | Ijyb changed into Ijyb the hound
  2654 | D:4      | Noticed Ijyb
  2658 | D:4      | Killed Ijyb the hound
  2742 | D:4      | Noticed Natasha
  2752 | D:4      | Killed Natasha
  2755 | D:4      | XOM: confusion (+ monsters)
  2765 | D:4      | Reached skill level 5 in Axes
  2765 | D:4      | Reached skill level 1 in Stealth
  2809 | D:4      | Noticed Eustachio
  2819 | D:4      | Killed Eustachio
  2820 | D:4      | Reached XP level 7. HP: 40/54 MP: 8/10
  2983 | D:4      | Noticed Natasha
  3018 | D:4      | Killed Natasha
  3051 | D:4      | Noticed Natasha
  3063 | D:4      | Killed Natasha
  3132 | D:5      | Entered Level 5 of the Dungeon
  3145 | D:5      | XOM: enchant monster (bad)
  3158 | D:5      | Reached skill level 1 in Evocations
  3521 | D:5      | Reached XP level 8. HP: 61/61 MP: 11/11
  3945 | D:5      | XOM: confuse monster(s)
  4035 | D:5      | XOM: summons friendly white imp
  4038 | D:5      | XOM: enchant monster (good)
  4055 | D:5      | Reached skill level 6 in Axes
  4059 | D:5      | XOM: fog
  4100 | D:5      | HP: 2/91 [burnt (4)]
  4102 | D:5      | Incinerated by a bombardier beetle

Illustrated notes

Levels and vault maps discovered:
D:1:      sevenhm_arrival_forest_fort_large_4, layout_basic
D:2:      layout_basic, basic_altar, minmay_misc_feat_doors,
          grunt_ministairs_11, minmay_pentomino_pile
D:3:      layout_basic, shapermc_ecumenical_altar_mp_vishouse,
          minmay_misc_feat_nine_boxes
D:4:      layout_rooms, minmay_rat_hole, uniq_natasha, uniq_eustachio,
          uniq_ijyb, uniq_grinder
D:5:      minmay_polygon_palace, layout_basic

Skill      XL: |  1  2  3  4  5  6  7  8 |
---------------+-------------------------+-----
Axes           | 3 4 5 6 |  6.3
Armour         | 2 3 |  3.1
Dodging        | 1 2 |  2.0
Spellcasting   | 1 2 |  2.8
Shields        | 1 2 |  2.5
Unarmed Combat | 1 2 |  2.5
Conjurations   | 1 2 |  2.5
Stealth        | 1 2 |  2.1
Fighting       | 4 |  4.8
Evocations     | 1 2 |  2.2
Translocations | |  0.7

Action                     |  1- 3 |  4- 6 |  7- 9 || total
---------------------------+-------+-------+-------++-------
  Melee: Hand axe          |    88 |   154 |   115 ||   357
         Headbutt          |       |    28 |    40 ||    68
   Cast: Searing Ray       |       |       |     1 ||     1
    Use: Scroll            |       |     3 |     6 ||     9
         Potion            |       |     2 |     4 ||     6
   Stab: Paralysed         |     1 |     1 |       ||     2
         Sleeping          |     1 |       |     1 ||     2
         Confused          |       |     1 |     3 ||     4
         Distracted        |       |     2 |       ||     2
         Invisible         |       |     1 |       ||     1
         Petrifying        |       |       |     1 ||     1
 Armour: Leather armour    |    39 |    71 |    67 ||   177
         Skin              |       |       |    10 ||    10
  Dodge: Dodged            |    38 |    68 |    57 ||   163
  Block: Buckler           |    17 |    34 |    27 ||    78

Table legend: (Time is in decaauts)
 A = Elapsed time spent in this place.
 B = Non-inter-level travel time spent in this place.
 C = Inter-level travel time spent in this place.
 D = Time resting spent in this place.
 E = Time spent auto-exploring this place.
 F = Levels seen in this place.
 G = Mean time per level.
                   A        B        C        D        E       F      G
               +--------+--------+--------+--------+--------+-----+--------+
         Total |   4155 |   4008 |    147 |     60 |   3084 |   5 |  831.0 |
       Dungeon |   4155 |   4008 |    147 |     60 |   3084 |   5 |  831.0 |
               +--------+--------+--------+--------+--------+-----+--------+

Top non-repeatable levels by time:
     D:5: 976 daAuts
     D:1: 940 daAuts
     D:3: 770 daAuts
     D:4: 751 daAuts
     D:2: 717 daAuts
